Cogmind - Beta 15 @@@ ROGUE MODE // 2025.09.02 @ 16:00:15 Player: Mogwok Wargfriend Result: Destroyed by G-34 Mercenary with Small Laser Performance ------------- Evolutions (1) 500 Regions Visited (3) 600 Robots Destroyed (89) 445 Value Destroyed (1851) 1851 Prototype IDs (4) 80 Alien Tech Used (0) 0 Bonus (30) 30 TOTAL SCORE: 3506 Bonus ------- High Alert Combat Kills 30 Cogmind --------- Core Integrity 0/400 Matter 300/300 Energy 280/280 System Corruption 1% Temperature Cool (68) Movement Walking (190) Ox1 Location -9/Storage Parts ------- > --- POWER (1) -------- Heavy Ion Engine > --- PROPULSION (3) --- Aluminum Leg Aluminum Leg Aluminum Leg > --- UTILITY (3) ------ Heat Sink Large Storage Unit Hardened Light Armor Plating > --- WEAPON (2) ------- Improved Medium Laser Improved Medium Laser > --- INVENTORY (15) --- Heavy Ion Engine Aluminum Leg Aluminum Leg Aluminum Leg Cooling System Small Battery (100) Large Matter Pod (150) Sensor Array Hardened Light Armor Plating Improved Medium Laser Improved Medium Laser Advanced Beam Cannon Improved Light Cannon Grenade Launcher Mining Laser Peak State ------------ > --- POWER ------------ Heavy Ion Engine > --- PROPULSION ------- Aluminum Leg Aluminum Leg Aluminum Leg > --- UTILITY ---------- Cooling System Large Storage Unit Advanced Targeting Computer > --- WEAPON ----------- Improved Medium Laser Advanced Beam Cannon > --- INVENTORY -------- Heavy Ion Engine Aluminum Leg Aluminum Leg Aluminum Leg Heat Sink Small Battery Large Matter Pod Sensor Array Hardened Light Armor Plating Hardened Light Armor Plating Beam Rifle Improved Medium Laser Improved Light Cannon Grenade Launcher Mining Laser [Rating: 20] Favorites ----------- Power Ion Engine Engine Ion Engine Propulsion Aluminum Leg Leg Aluminum Leg Utility Large Storage Unit Device Improved Heat Sink Storage Large Storage Unit Processor Advanced Targeting Computer Protection Hardened Light Armor Plating Weapon Small Laser Energy Gun Small Laser Energy Cannon Advanced Beam Cannon Ballistic Gun Assault Rifle Special Weapon Mining Laser Build | -11 -10 -9 -9 ------- Run | Yrd Mat Mat Sto Slots Evolved 2 | . . 2 . Power . | . . . . Propulsion 1 | . . 1 . Utility 1 | . . 1 . Weapon . | . . . . Parts Attached 46 | 7 10 27 2 Power 6 | 1 1 4 . Engine 6 | 1 1 4 . Core . | . . . . Reactor . | . . . . Propulsion 14 | 2 2 10 . Treads . | . . . . Leg 14 | 2 2 10 . Wheel . | . . . . Hover . | . . . . Flight . | . . . . Utility 12 | 2 4 5 1 Device 5 | 1 2 2 . Storage 3 | 1 2 . . Processor 2 | . . 2 . Hackware . | . . . . Protection 2 | . . 1 1 Artifact . | . . . . Weapon 14 | 2 3 8 1 Energy Gun 11 | 1 3 6 1 Energy Cannon 1 | . . 1 . Ballistic Gun 1 | 1 . . . Ballistic Cannon . | . . . . Launcher . | . . . . Special Weapon 1 | . . 1 . Impact Weapon . | . . . . Slashing Weapon . | . . . . Piercing Weapon . | . . . . Special Melee Weapon . | . . . . Unidentified Prototypes 2 | . . 2 . Parts Lost 13 | . 3 10 . Power 1 | . . 1 . Propulsion 5 | . 1 4 . Utility 1 | . . 1 . Weapon 6 | . 2 4 . Highest Loss Streak 7 | . 1 7 . To Critical Strikes . | . . . . Average Backups 13 | 3 11 14 14 Power . | . . . 1 Propulsion 3 | 1 3 2 3 Utility 4 | . 2 5 5 Weapon 4 | 1 4 5 5 Tool/Special . | . . . . Unused Backups 31 | . 10 10 11 Power 1 | . . 1 . Propulsion 5 | . 3 . 2 Utility 12 | . 4 4 4 Weapon 13 | . 3 5 5 Tool/Special . | . . . . Average Slot Usage (%) 98 | . 99 97 100 Engine 12 | . 14 11 11 Leg 30 | . 28 32 33 Device 12 | . 14 10 11 Storage 12 | . 14 11 11 Processor 5 | . . 10 2 Energy Gun 18 | . 23 14 21 Energy Cannon 2 | . . 5 . Ballistic Gun 1 | . 4 . . Peak Build Rating 20 | 7 10 20 19 Average Rating 12 | 5 8 16 17 On Entrance 8 | . 7 10 18 Naked Turns . | . . . . Heaviest Build 40 | 14 28 37 40 Greatest Support 30 | 20 20 30 30 Greatest Overweight (x) 9 | . 1 9 1 Average Overweight (x) . | . . . 1 Largest Inventory Capacity 15 | 8 15 15 15 Average Capacity 13 | 7 12 15 15 Most Carried 15 | 7 15 15 15 Average Carried 13 | 3 11 14 14 Final Capacity 15 | 8 15 15 15 Final Carried 15 | 7 15 15 15 Class Distribution -------------------- 56% | Scavenger-Mutant 43% | Mutant Dominant Class ---------------- Mutant | -10/Materials Scavenger-Mutant | -9/Materials Scavenger-Mutant | -9/Storage Resources | -11 -10 -9 -9 ----------- Run | Yrd Mat Mat Sto Matter Collected 1481 | 386 746 289 60 Remotely . | . . . . Salvage Created 3305 | 163 822 2219 101 Parts 183 | 10 54 113 6 Haulers Intercepted 5 | . 2 2 1 Recyclers Shooed 3 | . . 3 . Parts Field Recycled . | . . . . Retrieved Matter . | . . . . Parts Self-Destructed . | . . . . Prevented . | . . . . Kills | -11 -10 -9 -9 ------- Run | Yrd Mat Mat Sto Combat Hostiles Destroyed 45 | . 11 34 . Guns 29 | . 10 19 . Cannons 15 | . . 15 . Classes Destroyed 13 | 3 6 4 . Worker 12 | 2 5 4 1 Builder 5 | . 2 3 . Tunneler 4 | 3 1 . . Hauler 5 | . 2 2 1 Recycler 7 | 1 1 5 . Mechanic 1 | . . 1 . Operator 3 | . 1 1 1 Watcher 7 | . 3 4 . Swarmer 6 | . 3 3 . Grunt 29 | . 8 21 . Brawler 1 | . . 1 . Duelist 1 | . . 1 . Sentry 8 | . . 8 . Best Kill Streak 6 | 3 5 6 1 Combat Bots Only 5 | . 2 5 . Max Kills in Single Turn 1 | 1 1 1 1 Gunslinging . | . . . . Exploded . | . . . . Melee . | . . . . Uniques/NPCs Destroyed . | . . . . Combat | -11 -10 -9 -9 -------- Run | Yrd Mat Mat Sto Hostile Shots Fired 241 | . 52 182 7 Missed 73 | . 20 52 1 Hits 168 | . 32 130 6 Melee 5 | . . 5 . Projectile 163 | . 32 125 6 Critical Strikes 6 | . 2 4 . Damage Taken 2187 | . 440 1683 64 Core 468 | . 65 383 20 Absorbed by Shields . | . . . . Regen/Repaired (Parts) 95 | . 36 59 . Core Remaining (%) 87 | 100 74 . . Volleys Fired 275 | 12 91 161 11 Largest 2 | 2 2 2 2 Hottest 124 | 60 80 124 112 Shots Fired 499 | 24 176 279 20 Gun 398 | 24 176 180 18 Cannon 90 | . . 90 . Launcher . | . . . . Special 11 | . . 9 2 Kinetic 50 | 12 38 . . Thermal 449 | 12 138 279 20 Explosive . | . . . . Electromagnetic . | . . . . Robot Hit Streak 26 | 13 21 26 4 Robot Miss Streak 6 | 2 6 4 3 Penetration Max . | . . . . Secondary Targets 5 | . 1 4 . Max Gunslinging Chain 1 | . 1 1 . Shots Hit Robots 301 | 16 96 183 6 Core Hits 122 | 7 41 71 3 Critical Kills . | . . . . Critical Parts Destroyed 1 | . 1 . . Critical Strikes 9 | . 1 8 . Burn 8 | . . 8 . Destroy 1 | . 1 . . Melee Attacks . | . . . . Impact . | . . . . Slashing . | . . . . Piercing . | . . . . Sneak Attacks . | . . . . Combat Hostiles . | . . . . Follow-up Attacks . | . . . . Damage Inflicted 4457 | 192 1130 3035 100 Guns 3103 | 192 1130 1681 100 Cannons 1353 | . . 1353 . Explosions . | . . . . Melee . | . . . . Ramming 1 | . . 1 . Kinetic 357 | 82 275 . . Thermal 4099 | 110 855 3034 100 Explosive . | . . . . Electromagnetic . | . . . . Impact . | . . . . Slashing . | . . . . Piercing . | . . . . Highest Corruption 1 | . 1 1 1 Average Corruption 1 | . 1 1 1 Corruption Purged . | . . . . Corruption Blocked . | . . . . Effects 14 | . 11 3 . Message Errors 5 | . 3 2 . Matter Fused 4 | . 4 . . Heat Flow Errors 1 | . 1 . . Energy Discharges 1 | . . 1 . Data Loss (major) 2 | . 2 . . Weapon Failures 1 | . 1 . . Overload Shots . | . . . . Overflow Damage 33 | . . 33 . Projectiles 33 | . . 33 . Explosions . | . . . . Melee . | . . . . Knockbacks . | . . . . Impact . | . . . . Kinetic . | . . . . Secondary . | . . . . Self-Inflicted Damage . | . . . . Shots . | . . . . Rammed 1 | . . 1 . Targets Rammed 1 | . . 1 . Kicked . | . . . . Crushed . | . . . . Highest Temperature 168 | . 68 168 62 Average Temperature 30 | . 14 40 23 Received Heat Transfer 834 | . 183 615 36 Siege Activations . | . . . . Martial Activations . | . . . . Shielding Activations . | . . . . Robots Disrupted . | . . . . Combat Hostiles . | . . . . Robots Corrupted . | . . . . Combat Hostiles . | . . . . Parts Fried . | . . . . Impact Corruptions . | . . . . Robots Melted 2 | . 1 1 . Combat Hostiles 1 | . 1 . . Parts Melted 16 | 1 2 13 . Heat Transferred 9449 | 250 1900 7077 222 Parts Sabotaged . | . . . . Parts Stolen . | . . . . Parts Stripped . | . . . . Power Chain Reactions . | . . . . Alert | -11 -10 -9 -9 ------- Run | Yrd Mat Mat Sto Maximum Alert Level 2 | . . 2 . Low Security (%) 79 | 100 100 58 100 Level 1 13 | . . 26 . Level 2 7 | . . 14 . Level 3 . | . . . . Level 4 . | . . . . Level 5 . | . . . . High Security . | . . . . Max Security . | . . . . Peak Influence 463 | 15 127 463 198 Initial 188 | . . . 188 Average 114 | 2 24 194 154 Influence Increases 1605 | 30 460 1083 32 Destroy 0b10 Robot/C 900 | . 220 680 . Destroy 0b10 Robot/NC 220 | 30 75 100 15 Destroy Leader 244 | . 50 192 2 Successful Hack 67 | . 55 12 . Disable Machine 30 | . . 15 15 Destroy Structure 9 | . . 9 . Lose Combat Pursuer 135 | . 60 75 . Influence Decreases 1505 | 30 460 636 379 Entered New Map 259 | . . . 259 Time Decay 1124 | 30 438 536 120 Lost Part 122 | . 22 100 . Squads Dispatched 7 | . 1 6 . Investigation 4 | . . 4 . Extermination . | . . . . Reinforcement 2 | . 1 1 . Assault 1 | . . 1 . Garrison . | . . . . Intercept . | . . . . Searches Triggered . | . . . . Construction Impeded . | . . . . Haulers Reinforced . | . . . . Active Scanning Responses . | . . . . Cargo Convoy Interrupts . | . . . . Stealth | -11 -10 -9 -9 --------- Run | Yrd Mat Mat Sto Distress Signals 7 | . 3 3 1 Communications Jammed . | . . . . Distress Signals . | . . . . Times Spotted 77 | . 27 47 3 Peak Tracking Total 7 | . 6 7 3 Tactical Retreats 4 | . 1 3 . Traps | -11 -10 -9 -9 ------- Run | Yrd Mat Mat Sto Traps Triggered 4 | . 3 1 . Indirectly . | . . . . Trap Hack Attempts . | . . . . Triggered . | . . . . Disarmed 6 | . 6 . . Reprogrammed . | . . . . Reused . | . . . . Traps Extracted . | . . . . Installed . | . . . . Triggered . | . . . . Machines | -11 -10 -9 -9 ---------- Run | Yrd Mat Mat Sto Machines Disabled 3 | . . 2 1 Max in Single Turn 1 | . . 1 1 Machines Repaired . | . . . . Machines Dismantled . | . . . . Machines Sabotaged . | . . . . Overloaded Fab Kills . | . . . . Hacking | -11 -10 -9 -9 --------- Run | Yrd Mat Mat Sto Machines Accessed 19 | . 10 8 1 Terminals 13 | . 7 5 1 Fabricators . | . . . . Repair Stations 2 | . 1 1 . Recycling Units 2 | . 2 . . Scanalyzers 2 | . . 2 . Garrison Access . | . . . . Total Hacks 75 | . 42 30 3 Successful 46 | . 27 18 1 Failed 28 | . 14 12 2 Catastrophic 3 | . 1 2 . Database Lockouts 1 | . 1 . . Manual 41 | . 25 16 . Terminals 52 | . 33 16 3 Fabricators . | . . . . Repair Stations 4 | . 2 2 . Recycling Units 7 | . 7 . . Scanalyzers 12 | . . 12 . Garrison Access . | . . . . Terminal Hacks 17 | . 14 2 1 Record 1 | . 1 . . Robot Analysis 3 | . 2 1 . Prototype ID Bank 1 | . 1 . . Open Door 1 | . . . 1 Terminal Index 1 | . 1 . . Scanalyzer Index 1 | . 1 . . Alert Level 1 | . . 1 . Locate Traps 2 | . 2 . . Disarm Traps 2 | . 2 . . Dispatch Records 1 | . 1 . . Security Status 1 | . 1 . . Hauler Manifests 1 | . 1 . . Registered Components 1 | . 1 . . Fabricator Hacks . | . . . . Repair Station Hacks 4 | . 2 2 . Scan Component 2 | . 1 1 . Repair 2 | . 1 1 . Recycling Unit Hacks 3 | . 3 . . Report Inventory 2 | . 2 . . Retrieve Components 1 | . 1 . . Scanalyzer 12 | . . 12 . Insert Component 6 | . . 6 . Analyze 6 | . . 6 . Garrison Access Hacks . | . . . . Unauthorized Hacks 10 | . 8 2 . Terminals 8 | . 6 2 . Botnet 8 | . 6 2 . Fabricators . | . . . . Repair Stations . | . . . . Recycling Units 2 | . 2 . . Reject 2 | . 2 . . Scanalyzers . | . . . . Garrison Access . | . . . . Data Cores Recovered 1 | . . . 1 Used . | . . . . Hacking Detections 19 | . 10 8 1 Full Trace Events 3 | . . 3 . Feedback Events . | . . . . Feedback Blocked . | . . . . Robot Schematics Acquired . | . . . . Robots Built . | . . . . Authchips . | . . . . Time . | . . . . Total Robot Build Rating . | . . . . Part Schematics Acquired 4 | . . 4 . Parts Built . | . . . . Authchips . | . . . . Time . | . . . . Total Part Build Rating . | . . . . Parts Repaired 2 | . 1 1 . Time 52 | . 26 26 . Parts Recycled . | . . . . Recycled Matter . | . . . . Retrieved Matter . | . . . . Retrieved Components 6 | . 6 . . Parts Scanalyzed 5 | . . 5 . Part Schematics Acquired 4 | . . 4 . Parts Damaged . | . . . . Bothacking | -11 -10 -9 -9 ------------ Run | Yrd Mat Mat Sto Used RIF Installer . | . . . . Robots Hacked . | . . . . Non-combat . | . . . . Combat . | . . . . Robot Hacks Applied . | . . . . Relay Couplers Released . | . . . . Fabnet Peak Effective % . | . . . . Robots Rewired . | . . . . Allies Hacked . | . . . . Hacks Repelled . | . . . . Allies | -11 -10 -9 -9 -------- Run | Yrd Mat Mat Sto Total Allies . | . . . . Largest Group . | . . . . Highest-Rated Group . | . . . . Highest-Rated Ally . | . . . . Total Orders . | . . . . Ally Attacks . | . . . . Total Damage . | . . . . Kills . | . . . . Allies Corrupted . | . . . . Allies Melted . | . . . . Intel | -11 -10 -9 -9 ------- Run | Yrd Mat Mat Sto Active Infowar (turns) 465 | 10 455 . . Seismic 465 | 10 455 . . Robot Analysis Total 3 | . 2 1 . Derelict Logs Recovered . | . . . . Drone Launches . | . . . . Drone Recoveries . | . . . . Exploration | -11 -10 -9 -9 ------------- Run | Yrd Mat Mat Sto Turns Passed 4610 | 167 1922 2270 251 Spaces Moved 2185 | 99 965 1012 109 Core 8 | 7 . 1 . Treads . | . . . . Legs 2177 | 92 965 1011 109 Wheels . | . . . . Hover . | . . . . Flight . | . . . . Fastest Speed 50 | 50 120 120 190 Average Speed 161 | 115 156 166 190 Slowest Speed 500 | 120 190 500 190 Overloaded Moves . | . . . . Propulsion Burnouts . | . . . . Robots Hopped . | . . . . Potential Cave-ins 3 | . . 3 . Cave-ins Triggered . | . . . . Exploration Rate (%) 46 | 5 98 70 14 Regions Visited 3 Branch Regions 1 Pre-discovered Areas . | . . . . Known Exits Taken . | . . . . Unknown Exits Taken 3 | 1 1 1 . Scrap Searched . | . . . . Spaces Dug 2 | . . 2 . Terrain Destroyed 9 | . . 9 . Melee . | . . . . Projectile 9 | . . 9 . AOE . | . . . . Terrain Rammed . | . . . . Walls Destroyed . | . . . . Machines Disabled . | . . . . Actions | -11 -10 -9 -9 --------- Run | Yrd Mat Mat Sto Total 2766 | 124 1203 1308 131 Wait 162 | . 101 60 1 Move 2182 | 98 964 1011 109 Hop . | . . . . Pick Up 52 | 7 22 20 3 Fast Attach 16 | 7 1 8 . Attach 13 | . 4 9 . Detach . | . . . . Swap 24 | . 5 15 4 Drop 41 | . 15 23 3 Fire 275 | 12 91 161 11 Melee . | . . . . Ram 1 | . . 1 . Kick . | . . . . Crush . | . . . . Escape Stasis . | . . . . Rewire . | . . . . Trap . | . . . . Miscellaneous . | . . . . Route ------- -11/Scrapyard -10/Materials (discovered 5 exits: *Mat x3 / [*Min] / [*Sub]) -9/Materials (discovered 4 exits: [*Mat] / [*Min] / *Sto x2) -9/Storage History --------- Turn | Location | Event 4 | -11/Scrapyard | Discovered new exit (range 15) 168 | -11/Scrapyard | Entered Materials 305 | -10/Materials | Build established: Mutant 386 | -10/Materials | Discovered new exit (range 11) 806 | -10/Materials | Discovered new exit (range 8) 946 | -10/Materials | Central database locked down 1271 | -10/Materials | Build established: Scavenger-Mutant 1371 | -10/Materials | Discovered new exit (range 16) 1719 | -10/Materials | Build established: Mutant 1833 | -10/Materials | Discovered new exit (range 7) 1886 | -10/Materials | Repaired Med. Laser 1908 | -10/Materials | Discovered new exit (range 12) 2090 | -10/Materials | Entered another Materials area 2090 | -9/Materials | Evolved 2 slots: Propulsion x1, Utility x1 2090 | -9/Materials | Discovered new exit (range 15) 2411 | -9/Materials | Build established: Scavenger-Mutant 2612 | -9/Materials | Discovered new exit (range 7) 2728 | -9/Materials | Core integrity fell below 50% 2751 | -9/Materials | Lost 7 parts (1p3n1u2w) 2958 | -9/Materials | Repaired Med. Laser 2995 | -9/Materials | Discovered new exit (range 5) 3764 | -9/Materials | Core integrity fell below 20% 3872 | -9/Materials | Discovered new exit (range 4) 3876 | -9/Materials | Build established: Mutant 4090 | -9/Materials | First assault squad dispatched 4243 | -9/Materials | Build established: Scavenger-Mutant 4360 | -9/Materials | Entered Storage 4611 | -9/Storage | Destroyed by G-34 Mercenary with Small Laser Last Messages --------------- 04412_ Dropped Beam Rifle. 04413_ Discarded Adv. Targeting Computer. 04423_ R-06 Scavenger collects Imp. Medium Laser. 04440_ K-01 Serf collects debris. 04452_ A-02 Transporter destroyed. 04455_ Acquired 42 matter. 04458_ R-06 Scavenger collects Lgt. Treads. 04459_ Acquired Mining Laser. 04460_ Dropped Mining Laser. 04460_ R-06 Scavenger collects Mining Laser. 04474_ K-01 Serf collects debris. 04478_ K-01 Serf destroyed. 04486_ Acquired Imp. Medium Laser. 04518_ Connecting with Door Terminal... 04518_ Current location identified: Storage >>Open(Door) Sealed Heavy Doors opened. 04580_ W-16 Scout sends out distress signal. Map ----- +----------------------------------------------------+ | ?????????????????????????????????????????????????? | | ?????????????????????????????????????????????????? | | ?????????????????????????????????????????????????? | | ?????????????????????????????????????????????????? | | ?????????????????????????????????????????????????? | | ?????????????????????????????????????????????????? | | ?????????????????????????????????????????????????? | | ???????????????????????????????????????????????""" | | ???????????????????????????????????????????????? | | ????????????????????????????????????????????###??# | | ?????????????????????????????????? ????????" """?# | | ?????????????????????????????????? ???????"" """ # | | ?????????????????????????????????#/##### """ """ # | | ???????????????????????????????^^ # / | | ???????????????????????????????^^ / # | | ???????????????????????????????^^? # ????# | | ??????????????????????????????????# # ????????# | | ??????????????????????????????????# #?????????# | | ??????????????????????????????????# #??????#+## | | ??????????????????????????????????+ #??????# | | ??????????????????????????????????# #??????# | | ??????????????????????????????????# ######## | | ??????????????????????????????????# | | ??????????????????????????????????# | | ????????????????# #####+########### | | ?????????? @ g | | ?????????????????################################# | | ?????????????????????????????????????????????????? | | ?????????????????????????????????????????????????? | | ?????????????????????????????????????????????????? | | | | | | | | | | | | | | | | | | | | | | | | | | | | | | | | | | | | | | | | | +----------------------------------------------------+ Best States ------------- Heat Dissipation 50 Energy Generation 14 Energy Capacity 280 Matter Stores 300 Matter Capacity 300 Sight Range 16 Terrain Scan Density 10 Armor Coverage 150 Evasion (%) 55 Targeting Accuracy 8 Item Schematics ----------------- Med. Laser | -9/Materials | Scanalyzed ECM Suite | -9/Materials | Scanalyzed Aluminum Leg | -9/Materials | Scanalyzed Cooling System | -9/Materials | Scanalyzed Robot Schematics ------------------ None Fabricated ------------ Nothing Repaired ---------- Med. Laser | 48% | -10/Materials Med. Laser | 15% | -9/Materials Alien Tech Used ----------------- None Achievements -------------- None Challenges ------------ None Game ------ Seed RagnarokGravitonLog Manual? 0 Play Time 00:29:09 Cumulative 370.1 hours Start 2025.09.02 @ 15:29:52 End 2025.09.02 @ 16:00:15 Sessions 1 Manual Loads 0 Difficulty Rogue Special Mode None Game No. 309 Rogue 309 Adventurer 0 Explorer 0 Win Type - Total 2 Types 2/0/0/0/0/0/0/0/0/0 Lore% 80 Gallery% 68 Achievement% 55 Wizard Run 0 Options --------- Layout 2 ASCII 1 Keyboard 1 Movement Numpad Keybinds 0 Fullscreen 2 Font 32/TamsynBold Map View 50x44 Zoom Use 0% Tactical HUD 1 Map Filters NONE Filters NONE Steam 1 RUN: f96b09f1-9ee8-480c-a382-aa445cffa4ec